 Seeded DCSS version 0.27-a0-1200-g94dc6ad4cf (webtiles) character file.

Game seed: 20210530 (custom seed)

125 Snicker the Sneak (level 4, -4/33 HPs)
             Began as a Demonspawn Brigand on May 30, 2021.
             Slain by Sigmund
             ... wielding a +5 vampiric scythe
              (7 damage)
             ... on level 3 of the Dungeon.
             The game lasted 00:05:15 (2552 turns).

Snicker the Sneak (Demonspawn Brigand)              Turns: 2552, Time: 00:05:16

Health: -4/33      AC:  3    Str: 11    XL:     4   Next: 82%
Magic:  4/4        EV: 12    Int: 13    God:
Gold:   111        SH:  0    Dex: 15    Spells: 3/3 levels left

rFire    . . .     SeeInvis .   a - +2 dagger (venom)
rCold    . . .     Faith    .   (no shield)
rNeg     . . .     Spirit   .   b - +0 robe
rPois    .         Reflect  .   (helmet restricted)
rElec    .         Harm     .   g - scarf {repulsion}
rCorr    .         Rampage  .   (no gloves)
Will     .....                  p - +0 pair of boots
Stlth    +.........             (no amulet)
HPRegen  0.11/turn              (no ring)
MPRegen  0.09/turn              (no ring)

@: confused, repel missiles
A: horns 1
a: no special abilities


You were on level 3 of the Dungeon.
You visited 1 branch of the dungeon, and saw 3 of its levels.

You collected 111 gold pieces.

Inventory:

Hand Weapons
 a - a +2 dagger of venom (weapon)
 l - a +2 dagger
Missiles
 d - 7 poisoned darts
 e - 2 curare-tipped darts (quivered)
Armour
 b - a +0 robe (worn)
 c - a +0 cloak
 g - a scarf of repulsion (worn)
 p - a +0 pair of boots (worn)
Scrolls
 f - a scroll of brand weapon {unknown}
 h - a scroll of enchant weapon {unknown}
 j - 3 scrolls of enchant armour {unknown}
 k - 2 scrolls of identify {unknown}
 m - 3 scrolls of silence {unknown}
 o - a scroll of noise {unknown}
Potions
 i - 2 potions of flight {unknown}
 n - a potion of degeneration {unknown}


   Skills:
 + Level 2.2 Fighting
 * Level 2.8 Short Blades
 + Level 1.9 Throwing
 + Level 1.2 Dodging
 * Level 5.1 Stealth


You had 3 spell levels left.
You didn't know any spells.
Your spell library was empty.

Dungeon Overview and Level Annotations

Branches:
Dungeon (3/15)

Altars:

Annotations:
D:3 Sigmund


Innate Abilities, Weirdness & Mutations

You have a pair of small horns on your head.


Message History

You kill the jackal!
e - 2 curare-tipped darts (gained 1)
You now have 103 gold pieces (gained 18).
Things that are here:
a +0 flail; a gnoll corpse You start resting.
You start resting.
HP restored.
You now have 111 gold pieces (gained 8).
You open the huge gate.
There is a huge open gate here.
You open the large door. 4 gnolls, 2 orcs, an ogre and Sigmund come into view.
Sigmund is wielding a +5 vampiric scythe.
The gnoll shouts!
The orc shouts! x2
Sigmund drinks a potion.
Sigmund flickers and vanishes!
Deactivating autopickup; reactivate with Ctrl-A.
The ogre shouts!
The gnoll shouts!
Found a scale mail.
Something hits you!
There is a huge open gate here.
Things that are here:
a +0 flail; a gnoll corpse You hit the orc.
The orc is poisoned.
The orc is heavily wounded.
The orc hits you with a +0 club.
You hit the orc.
The orc is almost dead.
You kill the orc!
Something hits you!
Ouch! That really hurt!
* * * LOW HITPOINT WARNING * * *
You see here a +0 club.
You hit something but do no damage. Your headbutt misses something.
You hear some strange, mumbled words.
You are confused.
You're too confused to move!
Something hits you.
* * * LOW HITPOINT WARNING * * *
You're too confused to move!
Something hits you!
You die...

#....#
#######''''#######
........Oog.......
≈≈≈≈≈≈≈....≈≈≈≈≈≈≈
≈≈≈≈≈≈≈....≈≈≈≈≈≈≈
≈≈≈≈≈≈≈..).≈≈≈≈≈≈≈
..................
......†#O######.##
##...>..o{@....#
#......g####..###
#.......####..... #
#............####.
###.##...)...######
.[...........#
##.##.......#
#.###÷###### #.#
#†#


You could see an ogre, a gnoll and an orc.

Vanquished Creatures
  A hound (D:3)
  Robin (D:3)
  2 gnolls (D:3)
  2 dart slugs
  2 orcs (D:3)
  5 endoplasms
  9 goblins
  8 hobgoblins
  10 jackals
  A kobold (D:1)
  A quokka (D:1)
  A ball python (D:2)
  7 bats
  2 frilled lizards (D:1)
  3 rats
55 creatures vanquished.

Notes
Turn   | Place    | Note
-------+----------+-------------------------------------------
     0 | D:1      | Snicker the Demonspawn Brigand began the quest for the Orb.
     0 | D:1      | Reached XP level 1. HP: 16/16 MP: 1/1
   445 | D:1      | Gained mutation: You have a pair of small horns on your
                  | head. [demonic ancestry]
   445 | D:1      | Reached XP level 2. HP: 22/22 MP: 2/2
   647 | D:1      | Reached skill level 4 in Stealth
  1328 | D:2      | Found a faded altar of an unknown god.
  1361 | D:2      | Reached XP level 3. HP: 25/27 MP: 3/3
  1942 | D:3      | Noticed Robin
  1967 | D:3      | Killed Robin
  2262 | D:3      | Reached skill level 1 in Dodging
  2262 | D:3      | Reached XP level 4. HP: 24/33 MP: 4/4
  2281 | D:3      | Reached skill level 5 in Stealth
  2530 | D:3      | Noticed an ogre
  2530 | D:3      | Noticed Sigmund
  2552 | D:3      | Slain by Sigmund

Illustrated notes

Levels and vault maps discovered:
D:1:      minmay_arrival_doors, layout_loops_ring, minmay_misc_feat_pillars
D:2:      layout_basic, shapermc_ecumenical_altar_flowoftime,
          due_unseen_surprise
D:3:      lemuel_castle_with_subvaults [lemuel_castle_interior_carwin_2],
          layout_loops_ring, old_standard_altar, nicolae_wu_jian_wuxing_cycle,
          serial_shops, shop, uniq_crazy_yiuf_cottage, uniq_sigmund, uniq_robin

Skill      XL: |  1  2  3  4 |
---------------+-------------+-----
Short Blades   | 2 |  2.8
Stealth        | 4 5 |  5.1
Dodging        | 1 |  1.2
Fighting       | |  2.2
Throwing       | |  1.9

Action                   |  1- 3 |  4- 6 || total
-------------------------+-------+-------++-------
Melee: Dagger            |   100 |    20 ||   120
       Headbutt          |     9 |     2 ||    11
Throw: Dart              |     6 |     2 ||     8
 Stab: Sleeping          |     8 |       ||     8
       Distracted        |     1 |       ||     1
Armor: Robe              |    26 |     3 ||    29
Dodge: Dodged            |    73 |    11 ||    84

Table legend: (Time is in decaauts)
 A = Elapsed time spent in this place.
 B = Non-inter-level travel time spent in this place.
 C = Inter-level travel time spent in this place.
 D = Time resting spent in this place.
 E = Time spent auto-exploring this place.
 F = Levels seen in this place.
 G = Mean time per level.
                   A        B        C        D        E       F      G
               +--------+--------+--------+--------+--------+-----+--------+
         Total |   2536 |   2494 |     42 |    386 |   1702 |   3 |  845.3 |
       Dungeon |   2536 |   2494 |     42 |    386 |   1702 |   3 |  845.3 |
               +--------+--------+--------+--------+--------+-----+--------+

Top non-repeatable levels by time:
     D:2: 970 daAuts
     D:1: 939 daAuts
     D:3: 626 daAuts
